AoeStats
← CaptainThomas

Golden Pit

503350366Analyzed
1v1 RM · 1mo ago on Aug 31, 2026· 24m 31s· 2 players
Game mode
Random Map
Map size
Tiny (2 player)
Population
200
Speed
Normal
Resources
Standard
Victory
Conquest
Starting age
Dark Age
Ending age
Imperial Age
RankedLock teamsTeams togetherTeam positionsShared explorationLock speedFull tech treeHidden civsTurbo modeCheats
Victory
Defeat
🇪🇸 Dravidians · Spain
1707
+15
🇫🇷 Byzantines · France
1694
-15
CaptainThomas
10:47 Feudal Age
10:18 Loom
14:54 Fletching
15:45 Padded Archer Armor
20:22 Castle Age
18:53 Double-Bit Axe
19:44 Horse Collar
22:09 Wheelbarrow
24:52 Wheelbarrow
DS_cachivache
6:21 Loom
9:11 Feudal Age
9:17 Man-at-Arms
10:03 Double-Bit Axe
14:39 Fletching
19:28 Castle Age
19:20 Horse Collar
19:32 Gold Mining
19:30 Elite Skirmisher
20:11 Bodkin Arrow
Connection lost

Rejoining the realm…

Still unreachable

The connection could not be restored.

Session expired

The server has moved on; the page needs a fresh start.